 Dungeon Crawl Stone Soup version 0.23-a0-890-gc183402 (webtiles) character file.

Game seed: 2262571670642572879

17383 drasked the Fighter (level 12, -1/118 HPs)
             Began as a Pale Draconian Conjurer on Jan 28, 2019.
             Was a High Priest of Vehumet.
             Slain by a steam dragon (2 damage)
             ... on level 12 of the Dungeon.
             The game lasted 01:32:44 (18132 turns).

drasked the Fighter (Pale Draconian Conjurer)      Turns: 18132, Time: 01:32:45

Health: -1/118     AC: 16    Str: 17    XL:     12   Next: 18%
Magic:  5/27       EV: 12    Int: 20    God:    Vehumet [*****.]
Gold:   730        SH:  0    Dex: 15    Spells: 11/33 levels left

rFire    . . .     SeeInvis .   o - +3 short sword (protect)
rCold    + . .     Gourm    .   (no shield)
rNeg     . . .     Faith    .   (armour unavailable)
rPois    .         Spirit   .   (helmet restricted)
rElec    .         Reflect  .   z - +1 cloak
rCorr    .         Harm     .   u - +2 pair of gloves {Str+3}
MR       .....                  y - +2 pair of boots
Stlth    ++........             (no amulet)
HPRegen  0.29/turn              F - ring "Xozaacw" {Wiz rF+ Str+3 Dex+3}
MPRegen  0.20/turn              H - ring of ice {rC+, rF-}

@: studying Fighting
A: breathe steam, unfitting armour, cold-blooded, AC +8
a: Breathe Steam, Renounce Religion


You were on level 12 of the Dungeon.
You worshipped Vehumet.
Vehumet was extremely pleased with you.
You were not hungry.

You visited 2 branches of the dungeon, and saw 13 of its levels.
You also visited: Sewer, Bailey and Ice Cave.

You collected 730 gold pieces.

Inventory:

Hand Weapons
 o - a +3 short sword of protection (weapon)
   (You took it off a kobold in a sewer)
 t - a +0 blowgun
   (You took it off a kobold in a sewer)
Missiles
 s - 60 poisoned needles
 B - 52 arrows
 J - a throwing net {=f, !d}
Armour
 u - a +2 pair of gloves of strength (worn)
   (You found it on level 6 of the Dungeon)
 y - a +2 pair of boots (worn)
   (You found it on level 7 of the Dungeon)
 z - a +1 cloak (worn)
   (You found it on level 4 of the Dungeon)
Magical Staves
 f - an uncursed staff of air {rElec}
   (You found it on level 7 of the Dungeon)
Jewellery
 e - an uncursed ring of flight {+Fly, !d}
   (You found it on level 5 of the Dungeon)
 j - an uncursed ring of fire {rF+, rC-}
   (You found it on level 3 of the Dungeon)
 E - a +2 ring of protection
   (You found it on level 7 of the Dungeon)
 F - a ring "Xozaacw" (left hand) {Wiz rF+ Str+3 Dex+3}
   (You acquired it in an ice cave)

   [ring of wizardry]

   It improves your spell success rate.
   It affects your strength (+3).
   It affects your dexterity (+3).
   It protects you from fire.
 H - a ring of ice (right hand) {rC+, rF-}
   (You took it off Fannar on level 10 of the Dungeon)
Wands
 r - a wand of clouds (4)
   (You found it on level 6 of the Dungeon)
 v - a wand of paralysis (8)
   (You found it on level 9 of the Dungeon)
 K - a wand of digging (5)
   (You found it on level 12 of the Dungeon)
Scrolls
 c - 10 scrolls of identify
 g - 2 scrolls of blinking {!r}
 i - 3 scrolls of teleportation
 k - 3 scrolls of remove curse
 l - 3 scrolls of enchant weapon
 m - 4 scrolls of magic mapping {!r}
 w - a scroll of fear
 A - a scroll of immolation {!r}
 D - 3 scrolls of enchant armour
Potions
 a - 5 potions of flight
 d - a potion of berserk rage {!q}
 h - 2 potions of haste {unknown}
 n - 5 potions of heal wounds
 p - 4 potions of curing
 q - 3 potions of magic {unknown}
 x - a potion of resistance {unknown}
 C - 2 potions of cancellation
Books
 G - a manual of Fighting {!d}
   (You found it in a bailey)
Comestibles
 b - 17 rations
 I - a chunk of flesh {@w0}


   Skills:
 + Level 14.4 Fighting
 - Level 1.7 Dodging
 - Level 1.7 Stealth
 - Level 11.0 Spellcasting
 + Level 11.6 Conjurations
 - Level 5.0 Poison Magic


You had 11 spell levels left.
You knew the following spells:

 Your Spells              Type           Power        Failure   Level  Hunger
a - Magic Dart            Conj           ####         1%          1    None
b - Dazzling Spray        Conj/Hex       ####..       1%          3    None
c - Venom Bolt            Conj/Pois      #####.....   1%          5    ####...
d - Orb of Destruction    Conj           ######....   5%          7    #######
s - Sticks to Snakes      Tmut           ##......     4%          2    None
x - Iskenderun's Mystic   Conj           ######..     1%          4    ##.....

Your spell library contained the following spells:

 Spells                   Type           Power        Failure   Level  Hunger
 Sting                    Conj/Pois      ####         1%          1    None
 Poisonous Vapours        Pois/Air       ###...       1%          2    None
 Searing Ray              Conj           ######       1%          2    None
 Mephitic Cloud           Conj/Pois/Air  ####....     1%          3    None
 Force Lance              Conj/Tloc      ####....     1%          4    ##.....
 Fulminant Prism          Conj/Hex       ####......   1%          4    ##.....
 Olgreb's Toxic Radiance  Pois           ####....     1%          4    ##.....
 Beastly Appendage        Tmut           ##....       2%          1    None
 Spider Form              Tmut/Pois      ###.......   2%          3    None
 Ice Form                 Ice/Tmut       ###.....     24%         4    ##.....
 Blade Hands              Tmut           ##........   52%         5    ####...


Dungeon Overview and Level Annotations

Branches:
Dungeon (12/15)            Temple (1/1) D:5             Orc (0/2) D:9
   Lair: D:8-11

Altars:
Ashenzari
Cheibriados
Dithmenos
Elyvilon
Fedhas
Gozag
Hepliaklqana
Kikubaaqudgha
Makhleb
Nemelex Xobeh
Okawaru
Qazlal
Ru
Sif Muna
Trog
Uskayaw
Vehumet
Wu Jian
Xom
Yredelemnul
Zin
The Shining One

Shops:
D:10 =

Annotations:
D:4 Dowan, Duvessa


Innate Abilities, Weirdness & Mutations

You can breathe blasts of scalding, opaque steam.
Your pale cyan-grey scales are hard. (AC +8)
You cannot fit into any form of body armour.
You are cold-blooded and may be slowed by cold attacks.


Message History

A big kobold opens the door. 2 kobolds come into view.
You now have 17/27 mp.
Aim: a kobold, wielding a +0 dagger (resting)
The orb of energy hits the kobold!
You kill the kobold!
Vehumet accepts your kill.
You feel your power returning.
The orb of energy explodes!
Vehumet accepts your kill.
You feel your power returning.
You feel a bit more experienced.
The mystic blast hits the kobold!
You kill the kobold!
Vehumet accepts your kill.
You feel your power returning.
The mystic blast hits the big kobold!
You hear a shout! x2
You now have 16/27 mp.
Aim: a big kobold (severely wounded)
The orb of energy hits the big kobold!
You kill the big kobold!
Vehumet accepts your kill.
You hear a shout!
A scorpion comes into view.
A kobold demonologist comes into view. It is wielding a +0 dagger.
You now have 13/27 mp.
Aim: a kobold demonologist, wielding a +0 dagger and wearing a +0 robe The orb of energy hits the kobold demonologist!
The kobold demonologist casts a cantrip, but nothing happens.
You now have 9/27 mp.
Aim: a kobold demonologist, wielding a +0 dagger and wearing a +0 robe (heavily wounded)
The orb of energy hits the kobold demonologist!!
A scorpion comes into view.
A kobold comes into view.
The kobold demonologist begins to cast a cantrip, but forgets the words!
You now have 5/27 mp.
Aim: a kobold demonologist, wielding a +0 dagger and wearing a +0 robe (almost dead)
The orb of energy hits the kobold demonologist!!
You kill the kobold demonologist!
Vehumet accepts your kill.
You feel your power returning.
A kobold demonologist comes into view. It is wielding a +0 dagger.
You now have 2/27 mp.
You don't have enough magic to cast that spell.
You don't have enough magic to cast that spell.
Aim: a scorpion You exhale a blast of scalding steam.
The ball of steam hits the kobold demonologist!
The kobold demonologist shouts!
You feel somewhat more hungry.
The kobold demonologist is engulfed in a cloud of scalding steam.
The kobold demonologist mumbles some strange words.
Vehumet accepts your kill.
You feel your power returning.
You feel a bit more experienced.
The crimson imp shouts!
The kobold demonologist is engulfed in a cloud of scalding steam.
The kobold demonologist casts a spell.
The quasit barely misses you. The quasit closely misses you.
The quasit barely misses you.
The orc warrior shouts!
You hear an angry hiss.
The iron imp barely misses you.
The kobold demonologist is engulfed in a cloud of scalding steam.
The kobold demonologist mumbles some strange words.
The sun demon hits you!
You are engulfed in flames!
* * * LOW HITPOINT WARNING * * *
The kobold is engulfed in a cloud of scalding steam.
You kill the kobold!
Vehumet accepts your kill.
You feel your power returning.
You take 27 damage, and have 29/118 hp.
MASSIVE DAMAGE!!
Aim: a kobold demonologist, wielding a +0 dagger and wearing a +0 robe (steam, almost dead)
The orb of energy hits the kobold demonologist!
You kill the kobold demonologist!
Vehumet accepts your kill.
You feel your power returning.
The sun demon disappears in a puff of smoke!
The quasit disappears in a puff of smoke!
The crimson imp disappears in a puff of smoke!
The iron imp disappears in a puff of smoke!
The chaos spawn degenerates into a cloud of primal chaos!
The orb of energy explodes!
The mystic blast hits the scorpion!
The orc warrior hits you with a +0 flail.
* * * LOW HITPOINT WARNING * * *
The scorpion is engulfed in a cloud of scalding steam.
You take 6 damage, and have 23/118 hp.
You now have 2/27 mp.
A steam dragon comes into view.
The steam dragon hisses angrily.
The scorpion is engulfed in a cloud of scalding steam.
The scorpion stings you but does no damage.
The orc warrior hits you with a +0 flail!
* * * LOW HITPOINT WARNING * * *
You take 9 damage, and have 14/118 hp.
The scorpion is engulfed in a cloud of scalding steam.
You kill the scorpion!
Vehumet accepts your kill.
You feel your power returning.
You have got your breath back.
The orc warrior hits you with a +0 flail!
* * * LOW HITPOINT WARNING * * *
The steam dragon misses you. The steam dragon claws you.
You die...

**.....##...##...,,##...>.%
*,.....(#..)#....,,,#.....>
*,.$..)))...'.....,,#......
*,,,§...#...#.....,,#......
**....§*#...##....,*#.###.#
*#...**#...#*#...**#.# #.#
******* ###** #...# *###*##.###.#
,,,,,,***,,,**#D..#**,,,*#...#...
**,,****,,,,,*#o@.#*,,,,,##..#.##
**,,***,,,,,,,#...#,,,,,,,#....#
,,,,,,*,,,,,,,+...+,,,,,,,#.##.##
*,,,*,*,,,,,,,#...#,,,,,,,#......
,,,,*,**,,,,,*#...#*,,,,,*#.###.#
*,,,,,***,,,**#...#**,,,**#.##...
*,***,* ***** #...# ***** #.##..§
*,* *,***,,,**#...#**,,,**#.##§.%
*,* *,**,,,,,*#...#*,,,,,*#.##§..


You could see a steam dragon and an orc warrior.

Vanquished Creatures
  Fannar (D:10)
  2 unseen horrors
  A necromancer (IceCv)
  An orc knight (Bailey)
  A manticore (D:11)
  2 ice statues (IceCv)
  2 kobold demonologists (D:12)
  A komodo dragon (D:11)
  5 ice devils (IceCv)
  A troll (D:10)
  Prince Ribbit (D:6)
  3 slime creatures (D:12)
  Grinder (D:3)
  A hippogriff (D:7)
  A vampire (D:11)
  A spriggan (D:7)
  16 yaks
  A wyvern (D:11)
  Eustachio (D:4)
  2 chaos spawn (D:8)
  Menkaure (D:7)
  9 orc warriors
  2 black bears (D:8)
  3 ice beasts
  3 sky beasts
  4 ogres
  2 centaurs
  A crocodile (D:8)
  5 big kobolds
  7 bullfrogs
  A water moccasin skeleton (D:10)
  7 scorpions
  8 killer bees
  14 wights
  A howler monkey (D:11)
  A jelly (D:8)
  5 crimson imps
  A centaur zombie (D:8)
  A quasit (Sewer)
  A bullfrog zombie (D:8)
  2 draconian simulacra (IceCv)
  9 orc wizards
  5 orc priests
  Crazy Yiuf (D:7)
  3 iron imps (D:9)
  Jessica (D:2)
  2 centaur skeletons
  15 worker ants
  2 troll simulacra (IceCv)
  5 big kobold zombies (Sewer)
  Robin (D:2)
  6 gnolls
  4 naga simulacra (IceCv)
  2 ogre simulacra (IceCv)
  11 adders
  A howler monkey skeleton (D:9)
  6 shadow imps
  An ufetubus (Sewer)
  An ooze (D:1)
  3 adder skeletons
  An adder zombie (D:5)
  2 worms (D:2)
  2 dart slugs
  4 leopard geckos
  54 orcs
  5 bats
  7 giant cockroaches
  14 goblins
  8 hobgoblins
  21 jackals
  3 quokkas
  3 ball pythons
  A ball python skeleton (D:4)
  3 frilled lizards
  35 kobolds
  A leopard gecko zombie (D:6)
  A quokka skeleton (D:4)
  2 quokka zombies
  8 rats
  A butterfly (D:5)
  A fungus (D:7)
380 creatures vanquished.

Vanquished Creatures (collateral kills)
  Joseph (D:9)
  3 ice devils (IceCv)
  A yak (D:10)
  An orc warrior (Bailey)
  A gnoll shaman (D:5)
  A gnoll (D:5)
8 creatures vanquished.

Vanquished Creatures (others)
  An ooze (Sewer)
  A giant cockroach zombie (Sewer)
  A kobold zombie (Sewer)
3 creatures vanquished.

Grand Total: 391 creatures vanquished

Notes
Turn   | Place    | Note
-------+----------+-------------------------------------------
     0 | D:1      | drasked the Draconian Conjurer began the quest for the Orb.
     0 | D:1      | Reached XP level 1. HP: 14/14 MP: 3/3
   194 | D:1      | Reached XP level 2. HP: 20/20 MP: 1/5
   792 | D:2      | Reached XP level 3. HP: 26/26 MP: 1/6
   881 | D:2      | Noticed Jessica
  1388 | D:2      | Reached skill level 5 in Conjurations
  1749 | D:2      | Reached XP level 4. HP: 33/33 MP: 4/8
  1758 | D:2      | Learned a level 3 spell: Dazzling Spray
  2185 | D:2      | Killed Jessica
  2185 | D:2      | Reached skill level 3 in Spellcasting
  2298 | D:3      | Found a glowing drain.
  2319 | D:3      | Noticed Robin
  2406 | D:2      | Killed Robin
  2406 | D:2      | Reached XP level 5. HP: 38/38 MP: 1/9
  2553 | Sewer    | Entered a sewer
  2675 | Sewer    | Reached skill level 6 in Conjurations
  3005 | Sewer    | Reached XP level 6. HP: 31/45 MP: 2/11
  3472 | Sewer    | Found a burning altar of Makhleb.
  3510 | Sewer    | Reached skill level 4 in Spellcasting
  3551 | Sewer    | Reached skill level 7 in Conjurations
  4011 | D:3      | Noticed Grinder
  4022 | D:3      | Killed Grinder
  4022 | D:3      | Your scales start taking on a pale cyan-grey colour.
  4022 | D:3      | Reached XP level 7. HP: 50/50 MP: 2/13
  4142 | D:3      | Noticed a +0 dagger
  4142 | D:3      | Noticed a +0 dagger
  4145 | D:3      | Found a hide-covered altar of Uskayaw.
  4533 | D:4      | Learned a level 4 spell: Iskenderun's Mystic Blast
  4838 | D:4      | Reached skill level 1 in Fighting
  4842 | D:4      | Reached skill level 5 in Spellcasting
  5105 | D:4      | Noticed Eustachio
  5119 | D:4      | Killed Eustachio
  5119 | D:4      | Reached skill level 2 in Fighting
  5289 | D:4      | Reached XP level 8. HP: 41/62 MP: 5/16
  5449 | D:4      | Noticed Duvessa
  5449 | D:4      | Noticed Dowan
  5539 | D:4      | Learned a level 2 spell: Sticks to Snakes
  5762 | D:5      | Entered Level 5 of the Dungeon
  5890 | D:5      | Reached skill level 6 in Spellcasting
  5917 | D:5      | Reached skill level 3 in Fighting
  6430 | D:5      | Found a staircase to the Ecumenical Temple.
  6439 | Temple   | Entered the Ecumenical Temple
  6635 | Temple   | Became a worshipper of Vehumet
  6875 | D:5      | Reached skill level 4 in Fighting
  6993 | D:6      | Reached skill level 7 in Spellcasting
  7411 | D:6      | Reached skill level 5 in Fighting
  7515 | D:6      | Reached * piety under Vehumet
  7515 | D:6      | Offered knowledge of Sting by Vehumet.
  7580 | D:6      | Reached skill level 8 in Spellcasting
  7580 | D:6      | Reached XP level 9. HP: 74/74 MP: 5/21
  7899 | D:6      | Found a blossoming altar of Fedhas.
  8051 | D:6      | Noticed Prince Ribbit
  8055 | D:6      | Killed Prince Ribbit
  8214 | D:7      | Reached skill level 6 in Fighting
  8304 | D:7      | Found a bloodstained altar of Trog.
  8465 | D:7      | Reached skill level 9 in Spellcasting
  8719 | D:7      | Noticed Menkaure
  8730 | D:7      | Killed Menkaure
  8834 | D:7      | Found a runed translucent door.
  8835 | D:7      | Noticed Crazy Yiuf
  8842 | D:7      | Killed Crazy Yiuf
  9079 | D:8      | Reached skill level 7 in Fighting
  9124 | D:8      | Offered knowledge of Freeze by Vehumet.
  9412 | D:8      | Reached ** piety under Vehumet
  9430 | D:8      | Reached skill level 10 in Spellcasting
  9441 | D:8      | Found a shimmering altar of Xom.
  9442 | D:8      | Found the +7 mace of Variability {chain chaos}
  9515 | D:8      | Reached XP level 10. HP: 81/86 MP: 15/24
  9766 | D:8      | Reached skill level 8 in Conjurations
  9782 | D:8      | Found a stormy altar of Qazlal.
  9785 | D:8      | Found a deep blue altar of Sif Muna.
  9979 | D:8      | Found a sacrificial altar of Ru.
  9980 | D:8      | Found a glowing golden altar of the Shining One.
  9980 | D:8      | Found an iron altar of Okawaru.
  9980 | D:8      | Found a white marble altar of Elyvilon.
  9981 | D:8      | Found a shadowy altar of Dithmenos.
 10144 | D:9      | Found a hazy altar of Hepliaklqana.
 10168 | D:9      | Found a burning altar of Makhleb.
 10212 | D:9      | Found a flagged portal.
 10297 | Bailey   | Entered a bailey
 10838 | Bailey   | Offered knowledge of Inner Flame by Vehumet.
 10931 | Bailey   | Noticed an orc knight
 10965 | Bailey   | Reached skill level 8 in Fighting
 10972 | Bailey   | HP: 17/88 [orc warrior/bolt (23)]
 11095 | Bailey   | HP: 17/88 [orc warrior/+0 halberd (22)]
 11287 | Bailey   | Killed an orc knight
 11581 | Bailey   | Got an iridescent executioner's axe
 11616 | D:9      | Found a staircase to the Orcish Mines.
 11655 | D:9      | Reached *** piety under Vehumet
 12272 | D:9      | Noticed Joseph
 12293 | D:9      | HP: 22/90 [Joseph/sling bullet (18)]
 12319 | D:9      | Killed Joseph
 12319 | D:9      | Reached skill level 9 in Fighting
 12319 | D:9      | Reached skill level 11 in Spellcasting
 13088 | D:10     | Entered Level 10 of the Dungeon
 13162 | D:10     | Reached skill level 9 in Conjurations
 13165 | D:10     | Killed an unseen horror
 13165 | D:10     | Reached skill level 10 in Fighting
 13389 | D:10     | Noticed Fannar
 13399 | D:10     | Offered knowledge of Stone Arrow by Vehumet.
 13415 | D:10     | Reached XP level 11. HP: 62/101 MP: 13/26
 13445 | D:10     | Killed Fannar
 13445 | D:10     | Reached skill level 11 in Fighting
 13735 | D:10     | Learned a level 5 spell: Venom Bolt
 13769 | D:10     | Reached **** piety under Vehumet
 13769 | D:10     | Reached skill level 10 in Conjurations
 13839 | D:10     | Offered knowledge of Conjure Flame by Vehumet.
 13974 | D:10     | Found Qoaxuno's Jewellery Shop.
 14093 | D:11     | Reached skill level 1 in Poison Magic
 14108 | D:11     | Found a shimmering altar of Xom.
 14424 | D:11     | Reached skill level 12 in Fighting
 14424 | D:11     | Reached skill level 2 in Poison Magic
 14648 | D:11     | Reached skill level 3 in Poison Magic
 14856 | D:11     | Reached ***** piety under Vehumet
 14919 | D:11     | HP: 24/105 [something (9)]
 14923 | D:11     | Killed an unseen horror
 14923 | D:11     | Reached skill level 4 in Poison Magic
 15236 | D:11     | Offered knowledge of Orb of Destruction by Vehumet.
 15248 | D:11     | Learned a level 7 spell: Orb of Destruction
 15385 | D:11     | Noticed a red ugly thing
 15386 | D:11     | Noticed a death yak
 15970 | D:12     | Noticed a two-headed ogre
 15984 | D:12     | Noticed a cyan ugly thing
 15999 | D:12     | Found a frozen archway.
 16006 | IceCv    | Entered an ice cave
 16213 | IceCv    | Identified a scroll of acquirement
 16214 | IceCv    | Got a scintillating marble ring
 16216 | IceCv    | Identified a ring "Xozaacw" {Wiz rF+ Str+3 Dex+3} (You
                  | acquired it in an ice cave)
 16245 | IceCv    | Reached skill level 13 in Fighting
 16245 | IceCv    | Reached skill level 5 in Poison Magic
 16764 | IceCv    | Reached skill level 11 in Conjurations
 17443 | IceCv    | Reached XP level 12. HP: 110/116 MP: 8/27
 17636 | IceCv    | Found the +7 great mace "Undeadhunter" {disrupt, rN+}
 17640 | IceCv    | Reached skill level 14 in Fighting
 17845 | D:12     | HP: 27/117 [slime creature (7)]
 17870 | D:12     | Noticed a seven-headed hydra
 17943 | D:12     | HP: 19/117 [cyan ugly thing (13)]
 17943 | D:12     | HP: 3/117 [cyan ugly thing (16)]
 18123 | D:12     | HP: 29/118 [sun demon[a kobold demonologist] (14)]
 18125 | D:12     | HP: 14/118 [orc warrior/+0 flail (10)]
 18132 | D:12     | HP: 1/118 [orc warrior/+0 flail (15)]
 18132 | D:12     | Slain by a steam dragon

Vault maps used:
D:1:      dpeg_arrival_round_c
D:2:      minmay_quadrilaterals, uniq_jessica
D:3:      dancing_weapons_uskayaw, gup_sewer_entry_glass, chequers_avenue,
          uniq_grinder, uniq_robin
D:4:      uniq_eustachio, uniq_duvessa
D:5:      minmay_temple_entry_butterflies, first_ration, skrybe_limestone_x
D:6:      fedhas_altar_fruit_tree, uniq_prince_ribbit1
D:7:      bloody_trog, serial_glass, glass_columns_a, glass_columns_b,
          the_bakery, uniq_crazy_yiuf_cottage, uniq_menkaure
D:8:      minitemple, minmay_guarded_unrand_variability
D:9:      overflow_temple_1_default, demons_altar, orc_0_dummy, enter_bailey_8,
          uniq_joseph
D:10:     serial_shops, shop, uniq_fannar
D:11:     dpeg_lair_monsters, basic_altar
D:12:     kennysheep_six_static_rooms, enter_trove_3, portal_ice_cave_rime,
          kennysheep_generic_room_15
Temple:   minmay_temple_curvy_loop
Sewer:    kennysheep_sewer_church
Bailey:   bailey_polearm_2, bailey
IceCv:    ice_cave_tombish

Skill      XL: |  1  2  3  4  5  6  7  8  9 10 11 12 |
---------------+-------------------------------------+-----
Conjurations   | 5 6 7 9 11 | 11.6
Spellcasting   | 3 4 5 8 10 11 | 11.0
Fighting       | 2 5 7 10 13 14 | 14.4
Poison Magic   | 5 |  5.0
Dodging        | |  1.7
Stealth        | |  1.7

Action                   |  1- 3 |  4- 6 |  7- 9 | 10-12 || total
-------------------------+-------+-------+-------+-------++-------
Melee: Unarmed           |     8 |       |       |       ||     8
       Whip              |    30 |    88 |       |       ||   118
       Tailslap          |     1 |     9 |     4 |    24 ||    38
       Short sword       |       |    17 |    58 |   107 ||   182
 Fire: Hunting sling     |       |    18 |       |       ||    18
Throw: Stone             |       |     3 |       |       ||     3
 Cast: Magic Dart        |    79 |   145 |   272 |   183 ||   679
       Dazzling Spray    |       |     1 |     2 |     4 ||     7
       Iskenderun's Myst |       |       |    38 |   162 ||   200
       Sticks to Snakes  |       |       |     3 |    53 ||    56
       Venom Bolt        |       |       |       |    12 ||    12
       Orb of Destructio |       |       |       |     8 ||     8
 Abil: Breathe Steam     |       |       |    27 |    69 ||    96
  Use: Scroll            |       |     2 |    14 |     9 ||    25
       Potion            |       |       |       |     1 ||     1
 Stab: Sleeping          |     3 |     1 |       |     1 ||     5
       Distracted        |       |       |       |     1 ||     1
  Eat: Chunk             |     3 |     4 |    17 |    21 ||    45
       Ration            |       |     1 |     2 |     8 ||    11
Armor: Skin              |    28 |    76 |    46 |   196 ||   346
Dodge: Dodged            |    60 |   107 |    92 |   207 ||   466

Table legend:
 A = Non-vault XP
 B = Vault XP
 C = Vault XP percentage of total XP
 D = Non-vault monster count
 E = Vault monster count
 F = Vault count percentage of total count
                 A         B        C        D         E       F
            +---------+---------+-------+---------+---------+-------
      Total |   15554 |    9279 |  37.4 |     272 |     114 |  29.5
            +---------+---------+-------+---------+---------+-------
        D:1 |      39 |       0 |   0.0 |      18 |       0 |   0.0
        D:2 |      93 |      60 |  39.2 |      23 |       7 |  23.3
        D:3 |       9 |     308 |  97.2 |       5 |      16 |  76.2
        D:4 |     354 |     196 |  35.6 |      17 |       1 |   5.6
        D:5 |     587 |       0 |   0.0 |      22 |       0 |   0.0
        D:6 |    1052 |     274 |  20.7 |      33 |       1 |   2.9
        D:7 |     682 |     407 |  37.4 |      13 |       3 |  18.8
        D:8 |    1346 |     368 |  21.5 |      32 |       2 |   5.9
        D:9 |     998 |     585 |  37.0 |      15 |       4 |  21.1
       D:10 |    3063 |     962 |  23.9 |      35 |       1 |   2.8
       D:11 |    5487 |       0 |   0.0 |      44 |       0 |   0.0
       D:12 |    1844 |      72 |   3.8 |      15 |       1 |   6.2
      Sewer |       0 |     425 | 100.0 |       0 |      31 | 100.0
     Bailey |       0 |    1465 | 100.0 |       0 |      26 | 100.0
      IceCv |       0 |    4157 | 100.0 |       0 |      21 | 100.0
            +---------+---------+-------+---------+---------+-------

Vault maps used:
D:1:      dpeg_arrival_round_c
D:2:      minmay_quadrilaterals, uniq_jessica
D:3:      dancing_weapons_uskayaw, gup_sewer_entry_glass, chequers_avenue,
          uniq_grinder, uniq_robin
D:4:      uniq_eustachio, uniq_duvessa
D:5:      minmay_temple_entry_butterflies, first_ration, skrybe_limestone_x
D:6:      fedhas_altar_fruit_tree, uniq_prince_ribbit1
D:7:      bloody_trog, serial_glass, glass_columns_a, glass_columns_b,
          the_bakery, uniq_crazy_yiuf_cottage, uniq_menkaure
D:8:      minitemple, minmay_guarded_unrand_variability
D:9:      overflow_temple_1_default, demons_altar, orc_0_dummy, enter_bailey_8,
          uniq_joseph
D:10:     serial_shops, shop, uniq_fannar
D:11:     dpeg_lair_monsters, basic_altar
D:12:     kennysheep_six_static_rooms, enter_trove_3, portal_ice_cave_rime,
          kennysheep_generic_room_15
Temple:   minmay_temple_curvy_loop
Sewer:    kennysheep_sewer_church
Bailey:   bailey_polearm_2, bailey
IceCv:    ice_cave_tombish

Table legend:
 A = Turns spent in this place as a percentage of turns spent in the entire game.
 B = Non-inter-level travel turns spent in this place as a percentage of non-inter-level travel turns spent in the entire game.
 C = Inter-level travel turns spent in this place as a percentage of turns spent in this place.
 D = Turns resting spent in this place as a percentage of non-inter-level travel turns spent in this place.
 E = Turns spent auto-exploring this place as a percentage of non-inter-level travel turns spent in this place.
 F = Non-inter-level travel turns spent in this place divided by the number of levels of this place that you've seen.
                   A       B       C       D       E      F
               +-------+-------+-------+-------+-------+----------------------
         Total | 100.0 | 100.0 |   2.6 |  37.8 |  35.2 | 1103.6
       Dungeon |  75.2 |  74.7 |   3.3 |  34.1 |  42.6 | 1099.2
        Temple |   1.3 |   1.2 |  10.5 |   0.0 |  87.8 | 205.0
         Sewer |   6.5 |   6.7 |   0.0 |  41.5 |  12.1 | 1181.0
        Bailey |   7.1 |   7.3 |   0.0 |  41.4 |  12.8 | 1292.0
      Ice Cave |   9.9 |  10.1 |   0.0 |  65.0 |   5.9 | 1789.0
               +-------+-------+-------+-------+-------+----------------------

Table legend:
 A = Kills in this place as a percentage of kills in entire the game.
 B = Kills by you in this place as a percentage of kills by you in the entire game.
 C = Kills by friends in this place as a percentage of kills by friends in the entire game.
 D = Other kills in this place as a percentage of other kills in the entire game.
 E = Experience gained in this place as a percentage of experience gained in the entire game.
 F = Experience gained in this place divided by the number of levels of this place that you have seen.
                   A       B       C       D       E      F
               +-------+-------+-------+-------+-------+----------------------
         Total | 100.0 | 100.0 | 100.0 |   N/A | 100.0 | 1552.1
       Dungeon |  79.8 |  80.4 |  50.0 |   N/A |  75.6 | 1565.5
         Sewer |   8.0 |   8.2 |   0.0 |   N/A |   1.7 | 425.0
        Bailey |   6.7 |   6.6 |  12.5 |   N/A |   5.9 | 1465.0
      Ice Cave |   5.4 |   4.8 |  37.5 |   N/A |  16.7 | 4157.0
               +-------+-------+-------+-------+-------+----------------------
